[Event "Titled Tuesday Blitz June 13 Early 2023"]
[White "Asavasaetakul, Chawit"]
[Black "Bagwe Gaurang"]
[WhiteFideId "6204856"]
[BlackFideId "45039895"]
[WhiteElo "1919"]
[BlackElo "1847"]
[Result "0-1"]
[Round "7"]
[TimeControl "180+2"]
[Date "2023.06.13"]
[WhiteClock "0:00:38"]
[BlackClock "0:00:58"]
[Board "91"]

1. e4 c5 2. c3 d5 3. exd5 Qxd5 4. d4 e6 5. Nf3 Nf6 6. Bd3 Be7 7. O-O O-O 8. Qe2 Nc6 9. Rd1 Rd8 10. Bg5 cxd4 11. cxd4 Nxd4 12. Bxh7+ Kxh7 13. Rxd4 Qf5 14. Rf4 Qg6 15. Nc3 Bd7 16. Rh4+ Kg8 17. Ne5 Qf5 18. g4 Nxg4 19. Bxe7 Nxe5 20. f4 Ng6 21. Bxd8 Rxd8 22. Rh5 Nxf4 23. Rxf5 Nxe2+ 24. Nxe2 exf5 25. Rd1 Kf8 26. Nf4 g5 27. Nh5 Ke7 28. Ng3 Be6 29. Re1 Rd2 30. Nxf5+ Kf6 31. Nd6 Rxd6 0-1


[Site "https://www.chess.com"]

[Event "Titled Tuesday Blitz June 13 Early 2023"]
[White "MaryanKyrychenko"]
[Black "Turzo, Attila"]
[BlackFideId "704954"]
[WhiteElo "2621"]
[BlackElo "2494"]
[Result "0-1"]
[Round "7"]
[TimeControl "180+2"]
[Date "2023.06.13"]
[WhiteClock "0:00:55"]
[BlackClock "0:00:32"]
[Board "92"]

1. e4 d6 2. d4 Nf6 3. Nc3 g6 4. Bg5 Bg7 5. f4 c6 6. Nf3 b5 7. a3 O-O 8. Be2 h6 9. Bh4 a6 10. O-O Bb7 11. Re1 Qb6 12. Kh1 c5 13. e5 dxe5 14. dxe5 Ng4 15. h3 Ne3 16. Qc1 Nf5 17. Bf2 Nd4 18. b4 Bxf3 19. bxc5 Qc6 20. Bxd4 Bxg2+ 21. Kg1 Bxh3 22. Qe3 Qg2# 0-1


[Site "https://www.chess.com"]

[Event "Titled Tuesday Blitz June 13 Early 2023"]
[White "Jain Kashish Manoj"]
[Black "Mrithyunjay Mahadevan"]
[WhiteFideId "35081098"]
[BlackFideId "45003521"]
[WhiteElo "2181"]
[BlackElo "1626"]
[Result "1-0"]
[Round "7"]
[TimeControl "180+2"]
[Date "2023.06.13"]
[WhiteClock "0:00:51"]
[BlackClock "0:01:59"]
[Board "93"]

1. Nf3 g6 2. g3 Bg7 3. Bg2 e5 4. O-O Ne7 5. c4 O-O 6. Nc3 Nbc6 7. Rb1 d5 8. cxd5 Nxd5 9. Nxe5 Nxc3 10. Nxc6 Nxd1 11. Nxd8 Nxb2 12. Nxb7 Bxb7 13. Bxb7 Rab8 14. Bxb2 Rxb7 15. Bxg7 Rxb1 16. Bxf8 Rxf1+ 17. Kxf1 Kxf8 18. e4 Ke7 19. Ke2 Kd6 20. Kd3 f5 21. exf5 gxf5 22. Kc4 a6 23. d4 Kc6 24. d5+ Kd6 25. Kd4 h6 26. f3 h5 27. h3 a5 28. a4 c6 29. dxc6 Kxc6 30. Ke5 Kc5 31. g4 Kb4 32. gxh5 Kxa4 33. h6 Kb3 34. h7 a4 35. h8=Q a3 36. Kxf5 Ka2 37. h4 Kb1 38. h5 a2 39. h6 a1=Q 40. Qxa1+ Kxa1 41. h7 1-0


[Site "https://www.chess.com"]

[Event "Titled Tuesday Blitz June 13 Early 2023"]
[White "Ronka, Erik"]
[Black "Belov, Alexei"]
[WhiteFideId "505080"]
[BlackFideId "4128206"]
[WhiteElo "2264"]
[BlackElo "2616"]
[Result "0-1"]
[Round "7"]
[TimeControl "180+2"]
[Date "2023.06.13"]
[WhiteClock "0:00:38"]
[BlackClock "0:00:57"]
[Board "94"]

1. Nf3 d5 2. g3 e6 3. Bg2 Nf6 4. O-O Be7 5. c4 O-O 6. d4 dxc4 7. Qc2 a6 8. a4 Bd7 9. Qxc4 Bc6 10. Bg5 Bd5 11. Qc2 Be4 12. Qd1 Nc6 13. e3 h6 14. Bxf6 Bxf6 15. Nc3 Bh7 16. Qe2 Nb4 17. Rfd1 a5 18. e4 c6 19. Rac1 Qb6 20. h4 Rfd8 21. Qe3 Rd7 22. Rd2 Rad8 23. Rcd1 Bg6 24. g4 e5 25. Qe1 exd4 26. e5 dxc3 27. Rxd7 Rxd7 28. Rxd7 cxb2 29. Rd1 Nd3 30. Qf1 Nxe5 0-1


[Site "https://www.chess.com"]

[Event "Titled Tuesday Blitz June 13 Early 2023"]
[White "Altman, Joshua"]
[Black "Hristodoulou, Panagiotis"]
[WhiteFideId "426210"]
[BlackFideId "4214340"]
[WhiteElo "2028"]
[BlackElo "2272"]
[Result "1-0"]
[Round "7"]
[TimeControl "180+2"]
[Date "2023.06.13"]
[WhiteClock "0:01:06"]
[BlackClock "0:01:11"]
[Board "95"]

1. d4 Nf6 2. c4 e6 3. Nf3 Bb4+ 4. Nbd2 b6 5. g3 Bb7 6. Bg2 O-O 7. O-O Bxd2 8. Qxd2 a5 9. b3 d6 10. Bb2 Nbd7 11. a3 Qe7 12. Rac1 Rfd8 13. Rfd1 Rac8 14. b4 axb4 15. axb4 b5 16. c5 Bd5 17. Ra1 Ra8 18. Qf4 h6 19. h4 Ra4 20. Rxa4 bxa4 21. Ba3 Rb8 22. Rc1 dxc5 23. dxc5 e5 24. Qd2 c6 25. Ne1 Bxg2 26. Nxg2 Nd5 27. e4 Nc7 28. Ne3 Nb5 29. Nf5 Nf8 30. Nxe7+ 1-0


[Site "https://www.chess.com"]

[Event "Titled Tuesday Blitz June 13 Early 2023"]
[White "Kovalevsky, Stanislav"]
[Black "ArtemDyachuk"]
[WhiteFideId "13508598"]
[WhiteElo "2112"]
[BlackElo "2613"]
[Result "0-1"]
[Round "7"]
[TimeControl "180+2"]
[Date "2023.06.13"]
[WhiteClock "0:00:07"]
[BlackClock "0:00:12"]
[Board "96"]

1. c4 e5 2. Nc3 Nc6 3. g3 g6 4. h4 Bg7 5. h5 d6 6. d3 Be6 7. Bg2 g5 8. h6 Bxh6 9. Nf3 f6 10. Ne4 Bg7 11. Nfxg5 fxg5 12. Nxg5 Qe7 13. Qa4 Bd7 14. Be3 Nf6 15. O-O-O Nd4 16. Qa5 b6 17. Qa6 Bc8 18. Bb7 Qd7 19. Bxd4 exd4 20. e3 c6 21. Bxc8 Qxc8 22. Qxc8+ Rxc8 23. exd4 Ng4 24. Rde1+ Kd7 25. Rh4 Nxf2 26. Kd2 Rcf8 27. Re2 Bf6 28. Rxh7+ Kc8 29. Rxh8 Bxg5+ 30. Ke1 Nxd3+ 31. Kd1 Rxh8 32. Kc2 Nb4+ 33. Kb3 Na6 34. d5 Nc5+ 35. Kc2 cxd5 36. cxd5 Nd7 37. b4 Ne5 38. Kb3 Kd7 39. Ka4 a6 40. Rf2 b5+ 41. Ka5 Ra8 42. Kb6 Be3+ 43. Kb7 Ra7+ 44. Kb8 Bxf2 45. g4 Rc7 46. g5 Ba7+ 47. Ka8 Nc4 48. g6 Nb6# 0-1


[Site "https://www.chess.com"]

[Event "Titled Tuesday Blitz June 13 Early 2023"]
[White "Schnaider, Ilan"]
[Black "Khamdamova, Afruza"]
[WhiteFideId "169013"]
[BlackFideId "14210444"]
[WhiteElo "2224"]
[BlackElo "2312"]
[Result "0-1"]
[Round "7"]
[TimeControl "180+2"]
[Date "2023.06.13"]
[WhiteClock "0:00:00"]
[BlackClock "0:00:11"]
[Board "97"]

1. e4 e5 2. Nf3 Nf6 3. d4 Nxe4 4. Bd3 d5 5. Nxe5 Nd7 6. Nc3 Nxe5 7. dxe5 Nxc3 8. bxc3 Bc5 9. O-O O-O 10. Kh1 Qh4 11. f4 Bg4 12. Be2 Bxe2 13. Qxe2 f5 14. Qb5 b6 15. Bd2 Rad8 16. Rf3 Qe7 17. Raf1 Qd7 18. Qd3 c6 19. Rh3 Qe6 20. a4 a5 21. Be3 Bxe3 22. Qxe3 c5 23. Rb1 d4 24. Qe2 dxc3 25. Rxc3 Rd4 26. Rcb3 Rb4 27. Qd2 h6 28. h3 Rb8 29. Kh2 Rxa4 30. g3 Rb4 31. R3b2 Kh7 32. Rxb4 cxb4 33. Qd3 h5 34. g4 hxg4 35. hxg4 Qh6+ 36. Kg2 Qxf4 37. Rh1+ Kg6 38. gxf5+ Qxf5 39. Qd6+ Kg5 40. Qe7+ Kg6 41. Qd6+ Kg5 42. Qxb8 Qg4+ 43. Kf2 Qf4+ 44. Kg2 Qe4+ 45. Kh2 Qh4+ 46. Kg2 Qe4+ 47. Kg3 Qxh1 48. Qd8+ Kf5 49. Qd7+ Kxe5 50. Qxg7+ Kd6 51. Qf6+ Kc5 52. Qe5+ Qd5 53. Qc7+ Kb5 54. Kh3 Qf5+ 55. Kg3 Qg6+ 56. Kf2 Qc6 57. Qe5+ Qc5+ 58. Qe3 Qxe3+ 59. Kxe3 Kc4 60. Kd2 a4 61. Kc1 a3 62. Kb1 Kc3 63. Ka1 Kxc2 64. Ka2 b3+ 65. Kxa3 b2 66. Ka4 b1=Q 0-1


[Site "https://www.chess.com"]

[Event "Titled Tuesday Blitz June 13 Early 2023"]
[White "Nagare Kaivalya Sandip"]
[Black "Baches Garcia, Guillermo"]
[WhiteFideId "25957929"]
[BlackFideId "2209764"]
[WhiteElo "2024"]
[BlackElo "2470"]
[Result "1-0"]
[Round "7"]
[TimeControl "180+2"]
[Date "2023.06.13"]
[WhiteClock "0:01:26"]
[BlackClock "0:00:00"]
[Board "98"]

1. e4 c5 2. Nf3 d6 3. d4 cxd4 4. Nxd4 Nf6 5. Nc3 Nc6 6. Bg5 e6 7. Qd2 h6 8. Be3 Ng4 9. Nxc6 bxc6 10. Bf4 e5 11. Bg3 Be7 12. Be2 O-O 13. O-O Be6 14. Rad1 Qb6 15. b3 Rad8 16. Kh1 d5 17. exd5 cxd5 18. h3 Nf6 19. Bxe5 Ne4 20. Nxe4 dxe4 21. Qf4 Qc6 22. c4 Bg5 23. Qg3 f5 24. Bf4 Bxf4 25. Qxf4 a5 26. Qe5 Bc8 27. c5 Rde8 28. Bc4+ Kh7 29. Qd6 Qa8 30. c6 f4 31. Bd5 Qa7 32. Rde1 e3 33. fxe3 Rxe3 34. Rxe3 Qxe3 35. Qxf8 Bxh3 36. Qxf4 1-0


[Site "https://www.chess.com"]

[Event "Titled Tuesday Blitz June 13 Early 2023"]
[White "Becerra, Juan David"]
[Black "Vyatkin, Dmitry"]
[WhiteFideId "4404998"]
[BlackFideId "4171900"]
[WhiteElo "2304"]
[BlackElo "2279"]
[Result "1/2-1/2"]
[Round "7"]
[TimeControl "180+2"]
[Date "2023.06.13"]
[WhiteClock "0:00:05"]
[BlackClock "0:00:09"]
[Board "99"]

1. e4 e6 2. d4 d5 3. Nd2 c5 4. exd5 Qxd5 5. Ngf3 cxd4 6. Bc4 Qd6 7. O-O Nf6 8. Nb3 Nc6 9. Nbxd4 Nxd4 10. Nxd4 a6 11. c3 Bd7 12. Qf3 Qc7 13. Bb3 Bd6 14. h3 O-O-O 15. Bg5 Bh2+ 16. Kh1 Be5 17. Rfe1 Bxd4 18. cxd4 Bc6 19. Qe3 Qb6 20. Bf4 Qxd4 21. Qxd4 Rxd4 22. Be3 Rd7 23. Rac1 Nd5 24. Bxd5 Rxd5 25. Kh2 Rhd8 26. Rc3 Rd1 27. Rxd1 Rxd1 28. Rc1 Rd3 29. Rc3 Rd5 30. g4 g5 31. Rc5 Rxc5 32. Bxc5 Kd7 33. Kg3 f5 34. f4 fxg4 35. hxg4 gxf4+ 36. Kxf4 Ke8 37. g5 Kf7 38. Ke5 Bd5 39. Bd4 Bxa2 40. b4 Bd5 41. Be3 Kg6 42. Bd2 Kf7 43. Be3 Ke7 44. Bc5+ Kd7 45. Kf6 Kc6 46. Kg7 Be4 47. Kf7 Bf5 48. Kf6 b6 49. Bf8 a5 50. bxa5 bxa5 51. Ke5 Kb5 52. Kd4 a4 53. Ba3 Bg6 54. Bf8 e5+ 55. Kxe5 Kc4 56. Kf4 Kb3 57. Ke3 Kb2 58. Bg7+ Kc2 59. Bf8 Kb3 60. Kd2 a3 61. Bg7 a2 62. Kc1 Bf5 63. Bf6 Bb1 64. Be5 Kc4 65. Bf6 Kd3 66. Kb2 Ke4 67. Ka1 Kf5 68. Bd8 Kg6 69. Be7 Kh5 70. Bd8 Kg6 71. Be7 Kf7 72. Bd8 Kg6 1/2-1/2


[Site "https://www.chess.com"]

[Event "Titled Tuesday Blitz June 13 Early 2023"]
[White "Perez, Maximiliano"]
[Black "Papayan, Oleg"]
[WhiteFideId "117234"]
[BlackFideId "4193911"]
[WhiteElo "2334"]
[BlackElo "2167"]
[Result "1-0"]
[Round "7"]
[TimeControl "180+2"]
[Date "2023.06.13"]
[WhiteClock "0:00:41"]
[BlackClock "0:00:00"]
[Board "100"]

1. e4 e5 2. Nf3 Nc6 3. Bc4 Nf6 4. d3 Bc5 5. O-O O-O 6. h3 h6 7. Re1 d6 8. c3 Be6 9. Bxe6 fxe6 10. Nbd2 Qe8 11. Nf1 Nh5 12. d4 exd4 13. cxd4 Bb6 14. Be3 Nf4 15. d5 Ne5 16. Nxe5 dxe5 17. Bxb6 axb6 18. dxe6 Qxe6 19. a3 Qg6 20. Ng3 h5 21. h4 Qf6 22. Rc1 Rf7 23. Nf5 Rd8 24. Qf3 Nd3 25. Red1 Nxc1 26. Rxc1 Rfd7 27. Qxh5 Qf7 28. Qg5 Rd1+ 29. Rxd1 Rxd1+ 30. Kh2 c5 31. Nh6+ 1-0


[Site "https://www.chess.com"]

[Event "Titled Tuesday Blitz June 13 Early 2023"]
[White "Ahmad, Khagan"]
[Black "Lopez, Nelson M, Ii"]
[WhiteFideId "13431552"]
[BlackFideId "2027895"]
[WhiteElo "2209"]
[BlackElo "2456"]
[Result "1-0"]
[Round "7"]
[TimeControl "180+2"]
[Date "2023.06.13"]
[WhiteClock "0:00:21"]
[BlackClock "0:00:22"]
[Board "101"]

1. e4 e5 2. Nf3 Nc6 3. Bb5 Nge7 4. c3 d5 5. O-O dxe4 6. Nxe5 Qd5 7. Nxc6 Nxc6 8. c4 Qd3 9. Nc3 Bf5 10. Qa4 Bd7 11. c5 Ne5 12. Bxd3 Bxa4 13. Bxe4 Bc6 14. Re1 O-O-O 15. Bf5+ Nd7 16. d4 g6 17. Bh3 f5 18. d5 Nxc5 19. dxc6 Nd3 20. cxb7+ Kxb7 21. Rd1 Bc5 22. Be3 Bxe3 23. fxe3 Ne5 24. e4 f4 25. Be6 Rhe8 26. Rxd8 Rxd8 27. Rd1 Re8 28. Bd5+ c6 29. Bb3 Ng4 30. h3 Ne3 31. Rd3 Kc7 32. g3 g5 33. gxf4 gxf4 34. Kf2 c5 35. Ne2 Kb6 36. Nxf4 c4 37. Rxe3 cxb3 38. Nd5+ Kc5 39. axb3 Kd4 40. Nc3 Rf8+ 41. Ke2 Rg8 42. Rd3+ Ke5 43. Rd5+ Kf4 44. Rf5+ Kg3 45. Rf3+ Kg2 46. e5 Re8 47. Re3 h5 48. e6 h4 49. e7 a5 50. Nd5 Kh2 51. Nf6 1-0


[Site "https://www.chess.com"]

[Event "Titled Tuesday Blitz June 13 Early 2023"]
[White "Estrada Nieto, Julian"]
[Black "Spata, German"]
[WhiteFideId "5101018"]
[BlackFideId "113026"]
[WhiteElo "2161"]
[BlackElo "2260"]
[Result "1-0"]
[Round "7"]
[TimeControl "180+2"]
[Date "2023.06.13"]
[WhiteClock "0:00:14"]
[BlackClock "0:00:00"]
[Board "102"]

1. e4 d6 2. d4 Nf6 3. Nc3 g6 4. Nf3 Bg7 5. Be2 O-O 6. O-O a6 7. a4 b6 8. Re1 Bb7 9. e5 Nd5 10. Nxd5 Bxd5 11. Bf4 Nd7 12. Qd2 Rb8 13. Bh6 dxe5 14. Bxg7 Kxg7 15. Nxe5 Nxe5 16. dxe5 a5 17. Rad1 Be6 18. Qe3 Qc8 19. Rd4 Rd8 20. Red1 Rxd4 21. Rxd4 Qe8 22. Rh4 Qh8 23. Qh6+ Kg8 24. Qg5 Qg7 25. Rd4 Qf8 26. Qd2 Kg7 27. h4 h5 28. Qg5 Kh7 29. Bd3 Kg7 30. Be2 Rd8 31. Rxd8 Qxd8 32. Bxh5 Qd4 33. Bxg6 fxg6 34. Qxe7+ Bf7 35. e6 Qd1+ 36. Kh2 Qxc2 37. Qxf7+ Kh6 38. Qf8+ Kh5 39. Qf4 Qc5 40. Qg5+ Qxg5 41. hxg5 Kxg5 42. e7 1-0


[Site "https://www.chess.com"]

[Event "Titled Tuesday Blitz June 13 Early 2023"]
[White "Vega Gutierrez, Sabrina"]
[Black "Portela Peleteiro, Alberto"]
[WhiteFideId "2219026"]
[BlackFideId "22276106"]
[WhiteElo "2209"]
[BlackElo "2353"]
[Result "0-1"]
[Round "7"]
[TimeControl "180+2"]
[Date "2023.06.13"]
[WhiteClock "0:00:00"]
[BlackClock "0:01:19"]
[Board "103"]

1. e4 c5 2. Nf3 Nc6 3. d4 cxd4 4. Nxd4 Nf6 5. Nc3 e5 6. Ndb5 d6 7. Bg5 a6 8. Na3 Be6 9. Nc4 Rc8 10. Ne3 Be7 11. Bxf6 Bxf6 12. Be2 O-O 13. Ncd5 Bg5 14. c3 Bxe3 15. Nxe3 Ne7 16. O-O d5 17. exd5 Nxd5 18. Nxd5 Bxd5 19. Re1 Bc6 20. Bf3 Qxd1 21. Raxd1 Bxf3 22. gxf3 f6 23. f4 exf4 24. Re7 Rf7 25. Rxf7 Kxf7 26. Rd7+ Kg6 27. Rxb7 Rd8 28. Kg2 Rd3 29. c4 h5 30. h4 Rd4 31. c5 Rc4 32. b4 Kf5 33. Kf3 g5 34. hxg5 fxg5 35. Rb6 Rc2 36. a4 g4+ 37. Kg2 h4 38. Rxa6 h3+ 39. Kh2 Rxf2+ 40. Kg1 Rb2 41. Ra8 g3 0-1


[Site "https://www.chess.com"]

[Event "Titled Tuesday Blitz June 13 Early 2023"]
[White "Mogirzan, Matei-Valeriu"]
[Black "Bodnaruk, Anastasia"]
[WhiteFideId "1257455"]
[BlackFideId "4181751"]
[WhiteElo "1733"]
[BlackElo "2304"]
[Result "0-1"]
[Round "7"]
[TimeControl "180+2"]
[Date "2023.06.13"]
[WhiteClock "0:00:00"]
[BlackClock "0:01:10"]
[Board "104"]

1. e4 c5 2. Nf3 d6 3. d4 cxd4 4. Nxd4 Nf6 5. Nc3 a6 6. Bc4 e6 7. Bb3 b5 8. a3 Be7 9. g4 Bb7 10. Qe2 Nc6 11. Be3 Na5 12. Bxe6 fxe6 13. Nxe6 Qc8 14. Nxg7+ Kf7 15. g5 Nxe4 16. Qh5+ Kxg7 17. Bd4+ Kg8 18. g6 Bf6 19. gxh7+ Rxh7 20. Qg6+ Rg7 0-1


[Site "https://www.chess.com"]

[Event "Titled Tuesday Blitz June 13 Early 2023"]
[White "Shukhman, Anna"]
[Black "Goncalves, Davi Sulzbacher"]
[WhiteFideId "54180058"]
[BlackFideId "2154510"]
[WhiteElo "2235"]
[BlackElo "2182"]
[Result "1-0"]
[Round "7"]
[TimeControl "180+2"]
[Date "2023.06.13"]
[WhiteClock "0:00:32"]
[BlackClock "0:00:03"]
[Board "105"]

1. e4 c5 2. Nf3 d6 3. d4 cxd4 4. Nxd4 Nf6 5. Nc3 e6 6. g4 Be7 7. g5 Nfd7 8. Be3 Nc6 9. f4 h6 10. Bb5 hxg5 11. Bxc6 gxf4 12. Bxd7+ Bxd7 13. Bf2 Rc8 14. Qf3 Qa5 15. Nb3 Qb4 16. Qxf4 Bf6 17. O-O-O Bxc3 18. bxc3 Qxc3 19. Rd2 e5 20. Qg3 Qxg3 21. Bxg3 Ke7 22. Rf1 f6 23. Rfd1 Rc6 24. Na5 Rb6 25. Nc4 Rc6 26. Rxd6 Be6 27. Rxc6 bxc6 28. Na5 Rc8 29. Bf2 c5 30. Nb7 c4 31. Bc5+ Kf7 32. Nd6+ 1-0


[Site "https://www.chess.com"]

[Event "Titled Tuesday Blitz June 13 Early 2023"]
[White "FunnyDuck66"]
[Black "Gavrilov, Maxim"]
[BlackFideId "24271454"]
[WhiteElo "2441"]
[BlackElo "1969"]
[Result "1-0"]
[Round "7"]
[TimeControl "180+2"]
[Date "2023.06.13"]
[WhiteClock "0:00:25"]
[BlackClock "0:00:00"]
[Board "106"]

1. d4 Nf6 2. Nf3 d5 3. Bf4 c5 4. e3 Nc6 5. c3 Qb6 6. Qc1 Bf5 7. Nbd2 e6 8. Be2 cxd4 9. exd4 Rc8 10. O-O h6 11. Bd1 Nh5 12. Be3 Bd6 13. Bc2 O-O 14. Qb1 Bxc2 15. Qxc2 Qa6 16. Rfe1 Nb4 17. Qb3 Nd3 18. Red1 Nhf4 19. Bxf4 Nxf4 20. Ne5 f6 21. Nef3 Rc7 22. Re1 Kf7 23. g3 Nd3 24. Re3 Rfc8 25. Qc2 Nb4 26. Qd1 Nc6 27. Nh4 g5 28. Qh5+ Kg8 29. Rxe6 Nd8 30. Nf5 Nxe6 31. Qg6+ Rg7 32. Nxg7 Nxg7 33. Qxf6 Rf8 34. Qxh6 Be7 35. Qxa6 bxa6 36. Re1 Bd6 37. Kg2 g4 38. Nb3 Rb8 39. f3 gxf3+ 40. Kxf3 a5 41. Re2 a4 42. Nc1 Kf7 43. Nd3 Ne6 44. h4 Rf8 45. g4 Nc7 46. g5 Kg6+ 47. Kg4 1-0


[Site "https://www.chess.com"]

[Event "Titled Tuesday Blitz June 13 Early 2023"]
[White "DanyKopy"]
[Black "Lehtosaari, Mauri"]
[BlackFideId "501999"]
[WhiteElo "2432"]
[BlackElo "2558"]
[Result "1-0"]
[Round "7"]
[TimeControl "180+2"]
[Date "2023.06.13"]
[WhiteClock "0:00:05"]
[BlackClock "0:00:00"]
[Board "107"]

1. e4 c5 2. Nf3 e6 3. g3 Nc6 4. Bg2 Nf6 5. d3 d6 6. O-O Be7 7. Re1 O-O 8. b3 Bd7 9. Bb2 Rc8 10. a4 a6 11. Nbd2 b5 12. axb5 axb5 13. e5 dxe5 14. Nxe5 Nxe5 15. Bxe5 Bc6 16. Ne4 c4 17. dxc4 bxc4 18. Qxd8 Rfxd8 19. Nxf6+ Bxf6 20. Bxf6 gxf6 21. Red1 cxb3 22. Rxd8+ Rxd8 23. Bxc6 bxc2 24. Bf3 f5 25. Rc1 Rd2 26. Kf1 Kg7 27. Ke1 Rd3 28. Be2 Rc3 29. Kd2 Rc7 30. Rxc2 Rd7+ 31. Ke3 Kf6 32. Rc6 Ra7 33. Ra6 Rb7 34. Ra4 Kg5 35. Rh4 h6 36. f4+ Kg6 37. Bh5+ Kg7 38. Bf3 Rb3+ 39. Kf2 Rb2+ 40. Be2 Kg6 41. h3 f6 42. g4 fxg4 43. hxg4 Ra2 44. Rh3 f5 45. gxf5+ exf5 46. Rb3 Rd2 47. Kf3 Kg7 48. Rb7+ Kf6 49. Rb6+ Kg7 50. Ke3 Rd7 51. Bd3 Re7+ 52. Kf3 Rf7 53. Rb5 Kg6 54. Kg3 Rf6 55. Kh4 Rf7 56. Rb6+ Kg7 57. Kh5 Rf8 58. Rg6+ Kf7 59. Bxf5 Rh8 60. Be4 Re8 61. Bf5 Re3 62. Rxh6 Re1 63. Kg5 Kg7 64. Rh7+ Kg8 65. Rc7 Re8 66. Bg4 Kh8 67. Rc8 1-0


[Site "https://www.chess.com"]

[Event "Titled Tuesday Blitz June 13 Early 2023"]
[White "Toczek, Grzegorz"]
[Black "Arat, Ufuk Sezen"]
[WhiteFideId "1106457"]
[BlackFideId "6309089"]
[WhiteElo "2093"]
[BlackElo "2289"]
[Result "0-1"]
[Round "7"]
[TimeControl "180+2"]
[Date "2023.06.13"]
[WhiteClock "0:00:37"]
[BlackClock "0:01:18"]
[Board "108"]

1. e4 c5 2. Nf3 e6 3. c3 d5 4. exd5 Qxd5 5. d4 Nf6 6. Na3 Nc6 7. Nc2 cxd4 8. Ncxd4 Bc5 9. Be3 O-O 10. Nxc6 Qxc6 11. Bxc5 Qxc5 12. Qd4 Qc7 13. Qe5 Qb6 14. O-O-O Ng4 15. Qd4 Nxf2 16. Qh4 Nxd1 17. Bd3 Qe3+ 18. Kc2 Qf2+ 19. Kxd1 Qxh4 20. Nxh4 e5 21. Re1 f6 22. Bc4+ Kh8 23. Kc1 g5 24. Nf3 Bf5 25. Nd2 Rad8 26. Nb3 b6 27. Re3 Bg6 28. g4 Rde8 29. Bb5 Re7 30. Nd2 f5 31. gxf5 Bxf5 32. Nc4 e4 33. Nd6 Bg6 34. Be2 Rd8 35. Nc4 h5 36. h3 Kg7 37. a4 Kh6 38. a5 bxa5 39. Nxa5 Rf8 40. Nc6 Ref7 41. b4 Rf3 42. Bxf3 exf3 0-1


[Site "https://www.chess.com"]

[Event "Titled Tuesday Blitz June 13 Early 2023"]
[White "Vovk, Orest"]
[Black "Buchenau, Frank"]
[WhiteFideId "14113490"]
[BlackFideId "4604350"]
[WhiteElo "2215"]
[BlackElo "2157"]
[Result "1-0"]
[Round "7"]
[TimeControl "180+2"]
[Date "2023.06.13"]
[WhiteClock "0:00:09"]
[BlackClock "0:00:06"]
[Board "109"]

1. g4 e5 2. Bg2 d5 3. h3 h5 4. d4 e4 5. c4 c6 6. Nc3 hxg4 7. cxd5 cxd5 8. Qb3 Ne7 9. hxg4 Rxh1 10. Bxh1 Nbc6 11. Bg5 f6 12. Be3 Na5 13. Qc2 Bxg4 14. f3 exf3 15. Bxf3 Bxf3 16. Nxf3 Qd7 17. O-O-O Rc8 18. Kb1 Nc4 19. Bc1 Nf5 20. Rh1 Kf7 21. e4 Ng3 22. Ng5+ Ke8 23. Rh8 fxg5 24. Qf2 Nf5 25. exf5 Qf7 26. Bxg5 Nd6 27. f6 gxf6 28. Bh6 Kd7 29. Bxf8 Rxf8 30. Rh6 Qg7 31. Qh2 Ne4 32. Rh7 Nxc3+ 33. bxc3 Rf7 34. Rxg7 Rxg7 35. Qh3+ 1-0


[Site "https://www.chess.com"]

[Event "Titled Tuesday Blitz June 13 Early 2023"]
[White "De La Villa Garcia, Jesus Maria"]
[Black "Shuvalov, Evgenij"]
[WhiteFideId "2200040"]
[BlackFideId "4187237"]
[WhiteElo "2422"]
[BlackElo "2080"]
[Result "1-0"]
[Round "7"]
[TimeControl "180+2"]
[Date "2023.06.13"]
[WhiteClock "0:00:07"]
[BlackClock "0:00:00"]
[Board "110"]

1. c4 Nf6 2. Nc3 g6 3. d4 d5 4. Nf3 Bg7 5. cxd5 Nxd5 6. Qb3 Nxc3 7. bxc3 c5 8. e4 cxd4 9. cxd4 Nc6 10. Bb2 O-O 11. d5 Qa5+ 12. Nd2 Nd4 13. Qd3 Nf3+ 14. gxf3 Bxb2 15. Rb1 Bg7 16. Be2 Bh3 17. f4 Bc3 18. Rd1 Bd7 19. O-O Rfc8 20. Nc4 Qd8 21. Qxc3 b5 22. Qd4 bxc4 23. Bxc4 Qc7 24. Bb3 Qxf4 25. e5 Qg5+ 26. Kh1 Bh3 27. Rg1 Qf5 28. Rg3 Rd8 29. d6 exd6 30. exd6 Rac8 31. Re1 Rc5 32. Rxh3 Qxh3 33. Qxc5 Qf3+ 34. Kg1 Qg4+ 35. Kf1 Qh3+ 36. Ke2 Qxh2 37. Rd1 1-0


[Site "https://www.chess.com"]

[Event "Titled Tuesday Blitz June 13 Early 2023"]
[White "Omelja, Artem"]
[Black "Torres Hernandez, Leslie Carolin"]
[WhiteFideId "14119846"]
[BlackFideId "8400504"]
[WhiteElo "2404"]
[BlackElo "1920"]
[Result "0-1"]
[Round "7"]
[TimeControl "180+2"]
[Date "2023.06.13"]
[WhiteClock "0:00:00"]
[BlackClock "0:00:34"]
[Board "111"]

1. e4 e6 2. d3 d5 3. Nd2 Nc6 4. Ngf3 e5 5. c3 Nf6 6. a4 dxe4 7. dxe4 a5 8. Bc4 Bc5 9. Qe2 O-O 10. O-O Qe7 11. Nb3 Bb6 12. Be3 Bxe3 13. Qxe3 b6 14. Bd5 Bb7 15. Rad1 Rad8 16. Rd2 Rd6 17. Rfd1 Nd8 18. Bxb7 Nxb7 19. Nh4 g6 20. Qg5 Qe6 21. Nf5 Nxe4 22. Rxd6 Nbxd6 23. Nh6+ Kg7 24. Qe3 Qxb3 25. Re1 Qxb2 26. f3 Qf2+ 27. Qxf2 Nxf2 28. Kxf2 Kxh6 29. Rxe5 Re8 30. Rd5 Kg7 31. c4 Nxc4 32. Rd7 Rc8 33. g4 Kf6 34. g5+ Ke6 35. Rd4 Nd6 36. Rh4 Rh8 37. Rf4 c5 38. h4 c4 39. h5 gxh5 40. Rf6+ Ke5 41. Ke3 Nf5+ 42. Kd2 Rd8+ 43. Kc3 Ne3 44. Rxf7 Rd3+ 45. Kb2 Rb3+ 46. Kc1 c3 47. Re7+ Kf4 48. g6 hxg6 49. Re4+ Kxf3 50. Rf4+ Ke2 51. Rf2+ Kd3 52. Rf6 Ra3 53. Rd6+ Ke2 54. Kb1 c2+ 55. Kb2 Ra2+ 56. Kb3 c1=N+ 57. Kc3 Rc2+ 58. Kd4 Rd2+ 0-1


[Site "https://www.chess.com"]

[Event "Titled Tuesday Blitz June 13 Early 2023"]
[White "Herzog2012"]
[Black "Palencia Morales, Wilson Guillermo"]
[BlackFideId "4401859"]
[WhiteElo "2404"]
[BlackElo "2144"]
[Result "1-0"]
[Round "7"]
[TimeControl "180+2"]
[Date "2023.06.13"]
[WhiteClock "0:00:05"]
[BlackClock "0:00:00"]
[Board "112"]

1. e4 c5 2. Nf3 d6 3. d4 cxd4 4. Nxd4 Nf6 5. Nc3 g6 6. Be3 Bg7 7. f3 O-O 8. Qd2 Nc6 9. O-O-O Nxd4 10. Bxd4 Be6 11. Kb1 Qc7 12. h4 Rfc8 13. h5 Qa5 14. hxg6 fxg6 15. g4 Rxc3 16. Qxc3 Qxa2+ 17. Kc1 Qa1+ 18. Kd2 Qa4 19. b3 Nxe4+ 20. fxe4 Qxd4+ 21. Qxd4 Bxd4 22. g5 Be5 23. Bh3 Bf4+ 24. Kd3 Bxh3 25. Rxh3 Bxg5 26. Rdh1 h6 27. e5 dxe5 28. Ke4 Bf4 29. Rc3 Rd8 30. Rc7 Rd4+ 31. Kf3 Rd2 32. Rxe7 Rxc2 33. Rxb7 a5 34. Rd1 Rc3+ 35. Ke4 Rc8 36. Rdd7 g5 37. Rg7+ Kf8 38. Rh7 Kg8 39. Rxh6 Rc1 40. Rg6+ Kh8 41. Re6 Rc8 42. Kf5 Kg8 43. Kg4 Ra8 44. Ree7 Kf8 45. Rh7 Kg8 46. Rhe7 Kf8 47. Ra7 Rxa7 48. Rxa7 Bd2 49. Kf5 Ke8 50. Kxe5 g4 51. Ke4 g3 52. Kf3 Be1 53. Kg2 Kd8 54. Kf3 Kc8 55. Ke2 Bc3 56. Ra8+ Kd7 57. Rg8 Be5 58. Rg5 Ke6 59. Kf3 Bc7 60. Rb5 Kd7 61. Rd5+ Kc6 62. Rf5 Kb6 63. Rg5 Kc6 64. Ke4 Kb6 65. Kd3 Bb8 66. Kc4 Bd6 67. Rg6 Kc6 68. Rf6 Kd7 69. Kd5 Bc7 70. Rg6 Bf4 71. Rg7+ Ke8 72. Ke6 Kf8 73. Rf7+ Kg8 74. Rxf4 1-0


[Site "https://www.chess.com"]